 Dungeon Crawl Stone Soup version 0.29.1-2-gbd0b4ee654 (webtiles) character file.

Game seed: 6826997519269633430

93 leafyfresh the Magician (level 4, -13/31 HPs)
             Began as a Djinni Ice Elementalist on Nov 18, 2022.
             Killed by divine providence
             ... invoked by an orc priest
              (15 damage)
             ... on level 3 of the Dungeon.
             The game lasted 00:04:05 (3924 turns).

leafyfresh the Magician (Djinni Ice Elementalist)   Turns: 3924, Time: 00:04:06

Health: -13/31     AC:  2    Str:  7    XL:     4   Next: 92%
Gold:   162        EV: 12    Int: 18    God:
                   SH:  0    Dex: 14

rFire   + + .      SeeInvis .   j - +0 dagger (elec)
rCold   x . .      Faith    .   (no shield)
rNeg    . . .      Spirit   .   a - +0 robe
rPois   ∞          Reflect  .   (no helmet)
rElec   .          Harm     .   (no cloak)
rCorr   .          Rampage  .   (no gloves)
Will    .....                   (boots unavailable)
Stlth   ++........              (no amulet)
HPRegen 0.10/turn               (no ring)
MPRegen 0.00/turn               (no ring)

@: freezing walls, flying
A: sickness immunity, fire resistance 2, cold vulnerability 1, float, innate
caster, HP casting, extra vitality 1
a: no special abilities


You were on level 3 of the Dungeon.
You visited 1 branch of the dungeon, and saw 3 of its levels.

You collected 162 gold pieces.

Inventory:

Hand Weapons
 b - a +0 club
 c - a +0 dagger
 d - a +0 dagger of venom
 j - a +0 dagger of electrocution (weapon)
Armour
 a - a +0 robe (worn)
Magical Staves
 i - a staff of earth
Scrolls
 e - a scroll of poison {unknown}
 f - a scroll of acquirement {unknown}
 g - a scroll of teleportation {unknown}
 h - 3 scrolls of identify {unknown}
 l - a scroll of amnesia {unknown}
Potions
 k - 2 potions of heal wounds {unknown}


   Skills:
 + Level 0.4 Fighting
 + Level 0.4 Short Blades
 + Level 0.2 Maces & Flails
 + Level 2.5 Dodging
 - Level 1.5 Stealth
 + Level 4.4 Spellcasting


You couldn't memorise any spells.
You knew the following spells:

 Your Spells              Type           Power      Damage    Failure   Level
a - Freeze                Ice            76%        1d9       2%          1
b - Frozen Ramparts       Ice            38%        1d6       7%          3
c - Ozocubu's Armour      Ice            19%        N/A       7%          3
d - Hailstorm             Conj/Ice       19%        3d6       22%         4
e - Foxfire               Conj/Fire      76%        2x1d7     2%          1
Your spell library was empty.

Dungeon Overview and Level Annotations

Branches:
Dungeon (3/15)

Altars:
The Shining One

Shops:
D:1 [


Innate Abilities, Weirdness & Mutations

You are immune to sickness and miasma.
You are immune to poison.
Your flesh is very heat resistant. (rF++)
You are vulnerable to cold. (rC-)
You float through the air rather than walking.
You learn spells naturally, not from books.
Your magical power is your life essence.
You have superior vitality. (+4 MHP)


Message History

The orc is moderately wounded.
The orc barely misses you.
There are monsters nearby!
You hit the orc but do no damage.
The orc is moderately wounded.
Casting: Freeze (safe; 2% risk of failure)
Confirm with . or Enter, or press ? or * to list all spells.
Aiming: Freeze (safe; 2% risk of failure)
Press: ? - help, Shift-Dir - straight line, f - orc
Aim: an orc, wielding a +0 club, wearing a +0 leather armour and quivering boomerangs (moderately wounded)
You freeze the orc!
You kill the orc!
The orc priest calls down the wrath of Beogh upon you.
Beogh smites you!
You hear a shout!
Casting: Freeze (safe; 2% risk of failure)
Confirm with . or Enter, or press ? or * to list all spells.
Okay, then.
Casting: Freeze (safe; 2% risk of failure)
Confirm with . or Enter, or press ? or * to list all spells.
The spell is quite dangerous to miscast (7% risk of failure)!
Continue anyway?
Okay, then.
Unknown command.
Casting: Frozen Ramparts (quite dangerous; 7% risk of failure)
Confirm with . or Enter, or press ? or * to list all spells.
The spell is quite dangerous to miscast (7% risk of failure)!
Continue anyway?
Casting: Frozen Ramparts (quite dangerous; 7% risk of failure)
Press: ? - help, Dir - look around, f - activate The walls around you are covered in ice.
The orc priest invokes the aid of Beogh against you.
Beogh smites you!
* * * LOW HITPOINT WARNING * * *
The wall freezes the orc.
The orc barely misses you.
You are too injured to fight recklessly!
You are too injured to fight recklessly!
You hit the orc but do no damage.
The orc is moderately wounded.
The orc priest mumbles some strange prayers to Beogh against you.
Beogh smites you!
You die...

..... ##........# #.
#..# #.........###.
#..##### #.........#...
#......###.........#...
#..................#...
##.....#...........###.
#......)...........###.
##..)..................
#....@)##.............
#.####o...########....
.... .....##### #....
.... ..o.......####....
.... ................
... ....###.##......
....# #.#....... ....#
#......... ##........


You could see an orc priest and an orc.

Vanquished Creatures
  Robin (D:2)
  An adder (D:3)
  A worm (D:2)
  3 dart slugs (D:1)
  2 orcs (D:3)
  3 bats (D:1)
  6 endoplasms
  13 goblins
  6 hobgoblins
  2 jackals (D:1)
  9 kobolds
  2 quokkas
  2 ball pythons
  3 frilled lizards (D:1)
  4 rats
58 creatures vanquished.

Notes
Turn   | Place    | Note
-------+----------+-------------------------------------------
     0 | D:1      | leafyfresh the Djinni Ice Elementalist began the quest for
                  | the Orb.
     0 | D:1      | leafyfresh set off with the following spells memorised:
                  | Freeze, Frozen Ramparts, Ozocubu's Armour, Hailstorm.
     0 | D:1      | Reached XP level 1. HP: 15/15 MP: 0/0
   375 | D:1      | Reached XP level 2. HP: 6/21 MP: 0/0
   976 | D:1      | Reached XP level 3. HP: 14/25 MP: 0/0
   976 | D:1      | Learned a level 1 spell: Foxfire
  1467 | D:1      | Found a faded altar of an unknown god.
  1481 | D:1      | Found Kili's Antique Armour Boutique.
  1700 | D:1      | Reached skill level 4 in Spellcasting
  2613 | D:2      | Reached XP level 4. HP: 24/31 MP: 0/0
  2668 | D:2      | Noticed Robin
  2684 | D:2      | Killed Robin
  3824 | D:3      | Found a glowing golden altar of the Shining One.
  3923 | D:3      | HP: 1/31 [orc priest/divine providence (12)]
  3924 | D:3      | Killed from afar by an orc priest

Illustrated notes

Levels and vault maps discovered:
D:1:      sevenhm_arrival_forest_fort_small_4, layout_basic, serial_shops, shop,
          shapermc_ecumenical_altar_mp_vishouse,
          amcnicky_mini_rare_corridor_liquid
D:2:      layout_basic, uniq_robin
D:3:      layout_basic, mainiacjoe_overflow_six_doors_small, st_stairs_5

Skill      XL: |  1  2  3 |
---------------+----------+-----
Spellcasting   | 4 |  4.4
Fighting       | |  0.4
Short Blades   | |  0.4
Maces & Flails | |  0.2
Dodging        | |  2.5
Stealth        | |  1.5

Action                   |  1- 3 |  4- 6 || total
-------------------------+-------+-------++-------
Melee: Unarmed           |     7 |       ||     7
       Club              |     6 |       ||     6
       Dagger            |    26 |    42 ||    68
       Punch             |       |     1 ||     1
 Cast: Freeze            |    42 |    10 ||    52
       Frozen Ramparts   |     1 |     4 ||     5
       Ozocubu's Armour  |     1 |       ||     1
 Stab: Sleeping          |     3 |     1 ||     4
Armor: Robe              |    13 |     8 ||    21
Dodge: Dodged            |    51 |    27 ||    78
